 Dungeon Crawl Stone Soup version 0.31-a0-744-gbc345e7fcb (webtiles) character file.

Game seed: 4002253727408503850

1617696 cforsyth the Wishgranter (level 27, 220/220 HPs)
             Began as a Djinni Chaos Knight on Sept 13, 2023.
             Was the Champion of Hepliaklqana.
             Escaped with the Orb
             ... and 3 runes on Sept 14, 2023!
             The game lasted 03:55:41 (77103 turns).

cforsyth the Wishgranter (Djinni Chaos Knight)     Turns: 77103, Time: 03:55:41

Health: 220/220    AC: 22    Str: 23      XL:     27
Gold:   10094      EV: 25    Int: 27 (28) God:    Hepliaklqana [******] SH: 14 Dex: 15

rFire   + + +        J - +10 hand axe "Siros" {antimagic, rElec Str+2 Dex+4}
rCold   + . .        Q - +2 shield of Resistance {rF++ rC++ Will++}
rNeg    + . .        R - +3 troll leather armour
rPois   ∞            S - +2 helmet
rElec   +            M - +2 cloak {Stlth+}
rCorr   .            d - +2 pair of gloves
SInv    .            (boots unavailable)
Will    ++++.        H - dreamshard necklace {Acrobat *Dream}
Stlth   +            c - +4 ring of protection
HPRegen 1.36/turn    p - ring "Latzenut" {rN+ Str+2 Int+4}
MPRegen 0.00/turn

%: acrobat
@: flying
A: reduced essence, sickness immunity, fire resistance 2, cold vulnerability 1,
float, innate caster, HP casting, extra vitality 1, iridescent scales 1, clumsy
1, robust 1, strong 2, MP-powered wands, sturdy frame 1
0: Orb of Zot
}: 3/15 runes: serpentine, barnacled, silver
a: Renounce Religion, Recall Ancestor, Ancestor Identity, Transference, Idealise


You escaped.
You worshipped Hepliaklqana.
Hepliaklqana was exalted by your worship.
You visited 11 branches of the dungeon, and saw 51 of its levels.
You visited the Abyss 1 time.
You also visited: Sewer and Wizlab.

You collected 11061 gold pieces.
You spent 967 gold pieces at shops.

Inventory:

Hand Weapons
 J - the +10 hand axe "Siros" (weapon) {antimagic, rElec Str+2 Dex+4}
   (You found it on level 1 of the Snake Pit)

   Str+2:     It affects your strength (+2).
   Dex+4:     It affects your dexterity (+4).
   rElec:     It insulates you from electricity.
Armour
 d - a +2 pair of gloves (worn)
 M - a +2 cloak of stealth (worn)
 P - the scarf of Macaroni {repulsion, Fly rC+++ Regen+ Dex-5}
   (You found it on level 3 of the Elven Halls)

   Dex-5:     It affects your dexterity (-5).
   rC+++:     It renders you almost immune to cold.
   Fly:       It grants you flight.
   Regen+:    It increases your rate of health regeneration.
 Q - the +2 shield of Resistance (worn) {rF++ rC++ Will++}
   (You found it on level 3 of the Elven Halls)

   rF++:      It greatly protects you from fire.
   rC++:      It greatly protects you from cold.
   Will++:    It greatly increases your willpower.
 R - a +3 troll leather armour (worn)
 S - a +2 helmet (worn)
Jewellery
 c - a +4 ring of protection (left hand)
 l - the ring of Cappoigu {rN+ Str+6}
   (You took it off a tengu conjurer on level 2 of the Depths)

   [ring of strength]

   Str+6:     It affects your strength (+6).
   rN+:       It protects you from negative energy.
 p - the ring "Latzenut" (right hand) {rN+ Str+2 Int+4}
   (You found it on level 3 of the Crypt)

   [ring of positive energy]

   Str+2:     It affects your strength (+2).
   Int+4:     It affects your intelligence (+4).
   rN+:       It protects you from negative energy.
 u - a ring of resist corrosion
 H - the dreamshard necklace (around neck) {Acrobat *Dream}
   (You found it on level 5 of the Vaults)

   [amulet of the acrobat]

   *Dream:    It absorbs a single lethal wound into itself, holding its wearer
   just short of death and releasing dream-creatures to guard them.
   Acrobat:   It increases your evasion while moving and waiting.
 I - a ring of protection from cold
 U - an amulet of reflection
 X - a ring of protection from fire
 Y - the ring of Finality {rElec rPois SInv}
   (You took it off a deep elf death mage on level 3 of the Elven Halls)

   [ring of poison resistance]

   rElec:     It insulates you from electricity.
   rPois:     It protects you from poison SInv: It lets you see invisible.
 Z - an amulet of regeneration
Wands
 a - a wand of roots (66)
 o - a wand of polymorph (25)
 w - a wand of mindburst (59)
 A - a wand of flame (120)
 B - a wand of acid (19)
 K - a wand of digging (29)
 T - a wand of charming (53)
Scrolls
 e - 4 scrolls of fear
 f - 5 scrolls of enchant weapon
 i - 7 scrolls of enchant armour
 k - 2 scrolls of blinking
 q - 7 scrolls of immolation
 s - 14 scrolls of teleportation
 t - 16 scrolls of vulnerability
 v - 3 scrolls of torment
 y - 10 scrolls of poison
 C - 9 scrolls of revelation
 E - 9 scrolls of fog
 L - 6 scrolls of silence
 O - 7 scrolls of noise
 V - 3 scrolls of butterflies
Potions
 b - 6 potions of resistance
 g - 23 potions of curing
 h - 3 potions of cancellation
 j - 11 potions of might
 m - 7 potions of brilliance
 n - 11 potions of lignification
 r - 6 potions of haste
 x - 7 potions of attraction
 z - 3 potions of ambrosia
 D - 6 potions of invisibility
 F - 4 potions of enlightenment
 G - 8 potions of mutation
 N - 2 potions of berserk rage
 W - 6 potions of heal wounds


   Skills:
 + Level 24.9 Fighting
 - Level 2.6 Long Blades
 - Level 5.0 Armour
 + Level 24.4 Dodging
 + Level 11.4 Shields
 O Level 27 Spellcasting
 O Level 27 Conjurations
 O Level 27 Hexes
 O Level 27 Summonings
 O Level 27 Necromancy
 O Level 27 Translocations
 O Level 27 Transmutations
 O Level 27 Fire Magic
 O Level 27 Ice Magic
 O Level 27 Air Magic
 O Level 27 Earth Magic
 O Level 27 Poison Magic


You knew the following spells:

 Your Spells              Type           Power      Damage    Failure   Level
a - Necrotise             Necr           100%       1d9       0%          1
b - Lesser Beckoning      Tloc           100%       N/A       0%          2
c - Inner Flame           Hex/Fire       100%       N/A       0%          3
d - Leda's Liquefaction   Hex/Erth       55%        N/A       0%          4
e - Flame Wave            Conj/Fire      100%       2d21      0%          4
f - Plasma Beam           Fire/Air       55%        2x1d70    0%          6
g - Simulacrum            Ice/Necr       55%        N/A       0%          6
h - Summon Mana Viper     Hex/Summ       100%       N/A       0%          5
i - Conjure Ball Lightni  Conj/Air       55%        3x3d20    0%          6
j - Discord               Hex            55%        N/A       1%          8
k - Summon Horrible Thin  Summ           55%        N/A       1%          8
l - Fire Storm            Conj/Fire      55%        8d14      1%          9
m - Chain Lightning       Conj/Air       55%        3d73      1%          9
Your spell library was empty.

Dungeon Overview and Level Annotations

Branches:
Dungeon (15/15)            Temple (1/1) D:5            Lair (5/5) D:10
 Shoals (4/4) Lair:2        Snake (4/4) Lair:2        Slime (0/5) Lair:5
    Orc (2/2) D:10            Elf (3/3) Orc:2        Vaults (5/5) D:13
  Crypt (3/3) Vaults:2       Tomb (0/3) Crypt:3      Depths (4/4) D:15
    Zot (5/5) Depths:4      Sewer (visited)          WizLab (visited)

Altars:
Ashenzari
Cheibriados
Dithmenos
Elyvilon
Fedhas
Gozag
Hepliaklqana
Makhleb
Nemelex Xobeh
Okawaru
Qazlal
Ru
Trog
Uskayaw
Wu Jian
Xom
Yredelemnul
Zin
The Shining One
Jiyva
Lugonu

Shops:
D:9 (   D:13 [   D:15 *   Orc:2 !(?=   Elf:2 :[   Elf:3 ?   Shoals:1 ?
Snake:2 (   Vaults:2 (   Vaults:3 (   Depths:1 =   Depths:4 ::=

Portals:
Hell: Lair:5 Depths:1 Depths:2 Depths:3 Depths:4
Abyss: Depths:2 Depths:3 Depths:4
Pandemonium: Orc:2 Depths:2
Ziggurat: Depths:3


Innate Abilities, Weirdness & Mutations

Your life essence is reduced to manifest your ancestor. (-10% HP)
You are immune to sickness and miasma.
You are immune to poison.
Your flesh is very heat resistant. (rF++)
You are vulnerable to cold. (rC-)
You float through the air rather than walking.
You learn spells naturally, not from books.
Your magical power is your life essence.
You have superior vitality. (+4 MHP)
You are partially covered in iridescent scales. (AC +2)
You are clumsy. (Dex -2)
You are robust. (+10% HP)
Your muscles are very strong. (Str +8, Int/Dex -2)
You expend health (3 HP) to strengthen your wands.
Your movements are slightly less encumbered by armour. (ER -2)


Message History

There is a stone staircase leading up here.
Shatu-murrim blocks the sun demon's attack.
Shatu-murrim hits the sun demon with a +0 broad axe of speed!!
You fly upwards.
There is a stone staircase leading down here.
Shatu-murrim is recalled.
Things that are here:
a +0 ring mail; a +0 short sword
There is a stone staircase leading up here.
You fly upwards.
There is a stone staircase leading down here.
There is an escape hatch in the ceiling here.
There is a stone staircase leading up here.
You fly upwards.
An Orb Guardian comes into view.
There is a stone staircase leading down here.
An Orb Guardian is nearby!
The Orb Guardian moves out of view.
Shatu-murrim blocks the Orb Guardian's attack.
Shatu-murrim hits the Orb Guardian with a +0 broad axe of speed.
There is a stone staircase leading up here.
You fly upwards.
There is a stone staircase leading down here.
You see here a +0 chain mail.
Found an escape hatch in the floor.
There is a stone staircase leading up here.
You fly upwards.
There is a stone staircase leading down here.
An efreet comes into view.
It is wielding a +3 scimitar of flaming.
The efreet moves out of view.
There is a stone staircase leading up here.
The efreet gestures at you.
The fireball explodes!
The fireball engulfs you. You resist.
You fly upwards.
There is a stone staircase leading down here.
You reach down and open the door.
There is an open door here.
There is a staircase leading out of the dungeon here.
You can't go down here!
You have escaped!

##..#...........##
########.#...######....
###..........^## ##..#
#....########## #..#
#...##################...
#...##⌠..#♣.♣##..##....#.
#...'....#...###....#####
#...##P..#..⌠###....#
#...'...@#>._⌠#..####
#.#.##P..#..⌠##..#
#.#.+....#...##..#
#.#.##⌠..#♣.♣##..#
#.#.###########(.#
#....#########...# ###..#
#........# ## ####
#........# ##. ########.#
#..


There were no monsters in sight!

Vanquished Creatures
  A dread lich (Zot:5)
  3 ancient liches
  Mara (Vaults:4)
  A royal mummy (WizLab)
  5 Killer Klowns (Zot:5)
  Vashnia (Snake:4)
  Saint Roka (Orc:1)
  A curse toe (Zot:2)
  3 golden dragons
  A profane servitor (Abyss:2)
  2 electric golems (Zot:5)
  6 tentacled monstrosities
  Asterion (Vaults:2)
  Rupert (D:15)
  A walking frostbound tome (Depths:3)
  2 liches
  2 deep elf master archers (Elf:3)
  23 Orb Guardians (Zot:5)
  2 titans
  3 quicksilver dragons
  5 acid blobs (Depths:3)
  9 death cobs
  2 deep elf blademasters (Elf:3)
  2 sphinxes (Depths:3)
  A walking divine tome (Depths:3)
  Gastronok (D:12)
  2 ancient champions
  8 storm dragons
  10 shadow dragons
  3 draconian monks
  4 tengu reavers (Vaults:5)
  A nagaraja (Snake:4)
  4 azure jellies (Depths:3)
  A rockslime (Depths:3)
  An iron dragon (Vaults:5)
  2 revenants
  8 fire giants
  8 frost giants
  4 draconian scorchers
  12 vault wardens
  5 deep elf elementalists (Elf:3)
  4 deep elf sorcerers
  A ghost moth (shapeshifter) (Vaults:5)
  5 draconian shifters
  2 ghouls
  3 draconian stormcallers
  7 draconian annihilators
  A juggernaut zombie (Crypt:1)
  3 orc warlords
  5 ironbound preservers
  2 spriggan defenders (Depths:2)
  2 reapers (Crypt:3)
  17 stone giants
  2 ironbound thunderhulks
  4 quicksilver oozes (Depths:3)
  10 very ugly things
  A juggernaut skeleton (Crypt:3)
  3 war gargoyles
  5 vampire knights
  6 deep elf demonologists
  6 green draconians
  7 deep elf annihilators
  8 white draconians
  A dire elephant (Lair:5)
  8 black draconians
  7 yellow draconians
  10 purple draconians
  9 red draconians
  A blizzard demon (Abyss:2)
  7 ettins
  7 deep elf death magi
  11 eidola
  A green death (Abyss:2)
  2 mummy priests
  6 fire dragons
  5 merfolk impalers
  5 merfolk javelineers
  4 jiangshi
  3 yaktaur captains
  3 hydras
  11 great orbs of eyes
  2 entropy weavers
  3 deep elf high priests
  3 salamander tyrants
  4 rakshasas
  4 spriggan zombies
  14 vault guards
  3 demonspawn (Orc:2)
  2 alligators (shapeshifter)
  6 spriggan air magi
  4 spriggan skeletons (Crypt:3)
  An anaconda (Snake:4)
  An ice dragon (Depths:3)
  A death knight (Crypt:1)
  A fenstrider witch skeleton (Crypt:2)
  An anaconda (shapeshifter) (D:13)
  An Orb Guardian skeleton (Crypt:2)
  2 dancing weapons
  A satyr (Shoals:4)
  6 centaur warriors
  A merfolk avatar (Shoals:3)
  2 boulder beetles
  6 naga warriors
  3 tengu warriors (Depths:2)
  2 vampire magi
  7 deep troll shamans
  A two-headed ogre (D:13)
  4 deep troll earth magi
  3 naga sharpshooters
  9 death yaks
  3 spriggan berserkers
  7 soul eaters
  A sun demon (Depths:2)
  A shock serpent (Lair:2)
  An emperor scorpion zombie (Crypt:3)
  A titan skeleton (Depths:3)
  6 orc high priests
  A storm dragon zombie (Crypt:3)
  5 spriggans
  Sonja (Lair:5)
  3 hell knights (Vaults:5)
  17 deep elf knights
  19 skeletal warriors
  An iron troll (shapeshifter) (Vaults:2)
  5 iron trolls
  3 sixfirhies
  A storm dragon skeleton (Crypt:3)
  19 deep trolls
  4 salamander mystics
  A golden dragon zombie (Crypt:1)
  5 sea snakes
  A bunyip zombie (Crypt:3)
  2 naga ritualists (Snake:4)
  Lodul (D:11)
  A glowing orange brain (Vaults:4)
  18 phantasmal warriors
  6 flayed ghosts
  A bog body (Crypt:2)
  6 orc knights
  15 necromancers
  10 starcursed masses (Abyss:2)
  A fenstrider witch simulacrum (Crypt:2)
  A wizard (Lair:5)
  5 harpies
  21 deep elf pyromancers
  A harpy (shapeshifter) (Vaults:5)
  6 deep elf archers
  A stone giant zombie (Crypt:3)
  19 deep elf zephyrmancers
  7 ironbound convokers
  A wolf spider (shapeshifter) (Vaults:5)
  A mana viper (Snake:2)
  12 ugly things
  2 shining eyes (Depths:3)
  4 wolf spiders
  An alligator skeleton (Crypt:1)
  8 salamanders
  10 orc sorcerers
  22 moths of wrath
  3 fauns
  7 cyclopes
  A salamander (shapeshifter) (Vaults:4)
  2 stone giant skeletons
  7 large abominations
  A moth of wrath (shapeshifter) (Abyss:2)
  8 manticores
  An iron dragon skeleton (Depths:3)
  A centaur zombie (Crypt:3)
  2 merfolk sirens
  A naga zombie (Crypt:1)
  18 black mambas
  2 guardian serpents
  10 naga magi
  5 vault sentinels
  Maurice (Orc:2)
  3 water nymphs
  An eye of devastation (Depths:2)
  A centaur skeleton (Crypt:3)
  3 orange demons
  3 elephants (Lair:3)
  An alligator snapping turtle zombie (Crypt:1)
  4 cane toads
  A rime drake (Lair:5)
  2 tormentors
  6 komodo dragons
  Jeremiah (D:7)
  3 unseen horrors
  6 freezing wraiths
  8 yaktaurs
  5 kobold demonologists
  An ancient zyme (Abyss:2)
  3 tengu conjurers (Depths:2)
  2 ice devils
  2 guardian mummies
  A wind drake (Shoals:1)
  2 harpy zombies
  5 harpy skeletons
  4 merfolk
  A mana viper zombie (Crypt:2)
  2 red devils (Depths:2)
  A death drake skeleton (Crypt:1)
  A polar bear (Lair:3)
  A troll (shapeshifter) (Elf:3)
  Prince Ribbit (Lair:3)
  7 hornets
  7 trolls
  12 hellwings
  14 blink frogs
  An ice dragon zombie (Crypt:3)
  2 snapping turtles
  A boulder beetle zombie (Crypt:2)
  A dream sheep (Shoals:2)
  6 jumping spiders (Crypt:3)
  A vampire (D:12)
  2 ettin skeletons
  6 slime creatures
  4 flying skulls
  A slime creature zombie (Crypt:2)
  3 air elementals
  An ushabti (Crypt:3)
  9 water elementals
  3 ynoxinuls
  3 fire elementals
  2 wyverns
  A shadow (D:11)
  9 wraiths
  5 chaos spawn (Depths:3)
  3 basilisks
  51 yaks
  2 steam dragons (D:8)
  2 golden eyes
  3 redbacks (Crypt:3)
  Grum (D:9)
  3 neqoxecs
  11 vampire mosquitoes
  Menkaure (D:6)
  3 hell hounds
  21 nagas
  10 wargs
  3 acid dragons
  A glowing shapeshifter zombie (Depths:3)
  2 naga skeletons
  Duvessa (D:7)
  A floating eye (Depths:2)
  8 water moccasins
  A sky beast (D:8)
  A black bear (shapeshifter) (D:14)
  52 orc warriors
  4 ice beasts
  2 boggarts (Vaults:1)
  4 black bears
  7 small abominations
  6 wolves
  20 ogres
  A centaur (shapeshifter) (Vaults:5)
  13 centaurs
  2 phantoms
  A nameless horror (Lair:5)
  5 kobold brigands
  Blork the orc (D:5)
  4 necrophages
  8 bullfrogs
  4 gnoll sergeants
  A scorpion (D:6)
  Dowan (D:7)
  6 wights
  6 wyvern skeletons (Crypt:3)
  A killer bee (Sewer)
  6 electric eels
  6 howler monkeys
  A vampire bat (Lair:2)
  2 lava snakes (D:9)
  A crimson imp (Abyss:2)
  4 jellies
  3 quasits (Abyss:2)
  A gnoll bouda (D:9)
  9 hounds
  An iron imp (Abyss:2)
  19 orc priests
  5 iguanas
  A boggart zombie (Crypt:1)
  12 orc wizards
  2 ogre skeletons (Crypt:2)
  A mummy (Crypt:3)
  32 gnolls
  14 adders
  A swamp drake zombie (Crypt:1)
  A shadow imp (D:4)
  A white imp (Abyss:2)
  2 ufetubi (D:5)
  2 worms
  4 dart slugs
  82 orcs
  11 endoplasms
  13 giant cockroaches
  8 goblins
  5 hobgoblins
  15 jackals
  8 quokkas
  17 ball pythons
  13 bats
  13 frilled lizards
  15 kobolds
  8 rats
  A river rat skeleton (Crypt:1)
1610 creatures vanquished.

Vanquished Creatures (collateral kills)
  7 orbs of fire
  2 dread liches
  2 ancient liches
  A juggernaut (Depths:4)
  4 Killer Klowns
  Boris (Vaults:4)
  Margery (Vaults:4)
  A caustic shrike (Depths:3)
  3 golden dragons
  Nikola (Shoals:3)
  11 tentacled monstrosities
  A walking crystal tome (Depths:4)
  Mlioglotl (Shoals:4)
  2 Orb Guardians (Zot:5)
  A walking divine tome (Depths:3)
  4 sphinxes
  A shard shrike skeleton (Crypt:2)
  4 titans
  2 walking frostbound tomes (Depths:4)
  An acid blob (Depths:3)
  A kraken (Shoals:2)
  Polyphemus (Shoals:3)
  2 Executioners
  A death cob (Zot:2)
  The ghost of arvidsem the Severer, an adept MiFi of Okawaru (Orc:1)
  5 tengu reavers
  Donald (Orc:2)
  4 shadow dragons
  4 storm dragons
  A draconian monk (Zot:2)
  2 revenants
  5 nagarajas
  Aizul (Snake:3)
  2 rockslimes (Depths:3)
  3 draconian knights
  A deep elf sorcerer (Vaults:2)
  2 fire giants
  3 frost giants
  Ilsuiw (Shoals:3)
  A deep elf elementalist (Elf:3)
  An iron dragon (Vaults:3)
  A draconian scorcher (Zot:3)
  20 ironbound preservers
  16 vault wardens
  2 ghouls
  2 curse skulls (Crypt:3)
  3 formless jellyfish
  A reaper (Crypt:2)
  5 war gargoyles
  3 very ugly things
  The ghost of Qoegeopn the Hand of Fortune, a journeyman DsCj of Nemelex Xobeh (Shoals:3)
  A vampire knight (Crypt:2)
  An ophan (Depths:2)
  A green draconian (Zot:5)
  3 stone giants
  5 ironbound thunderhulks
  2 red draconians
  2 black draconians (Zot:5)
  2 deep elf annihilators (Elf:3)
  Azrael (Orc:1)
  2 yellow draconians
  A white draconian (Depths:4)
  2 dire elephants (Vaults:2)
  2 purple draconians
  An eidolon (Crypt:3)
  3 mummy priests (WizLab)
  2 fire dragons
  13 yaktaur captains
  2 ettins
  2 crystal guardians (Vaults:1)
  2 deep elf death magi (Elf:3)
  Harold (Orc:1)
  2 merfolk javelineers (Shoals:4)
  6 merfolk impalers
  A deep elf high priest (Vaults:4)
  An ice dragon (Depths:2)
  24 vault guards
  An entropy weaver (Vaults:3)
  9 great orbs of eyes
  A fenstrider witch zombie (Crypt:2)
  4 salamander tyrants
  5 peacekeepers
  A rakshasa (Depths:1)
  A catoblepas (Shoals:3)
  2 merfolk avatars (Shoals:4)
  7 ironbound frosthearts
  A hydra (Lair:5)
  An alligator snapping turtle (Shoals:4)
  8 anacondas
  2 two-headed ogres
  3 merfolk aquamancers
  2 tengu warriors (Depths:1)
  7 centaur warriors
  22 dancing weapons
  A deep troll shaman (Depths:1)
  A deep troll earth mage (Depths:1)
  10 naga warriors
  3 death yaks
  A titan zombie (Crypt:3)
  2 satyrs (Shoals:4)
  Urug (Lair:5)
  2 orc high priests (Elf:1)
  9 naga sharpshooters
  2 spriggan berserkers
  9 shock serpents
  A hell knight (Vaults:5)
  A storm dragon zombie (WizLab)
  3 deep elf knights (Elf:2)
  A sun demon (Lair:5)
  5 salamander mystics
  2 skeletal warriors
  2 skysharks (Shoals:2)
  4 iron trolls
  A shadow wraith (Crypt:2)
  A wretched star (Abyss:2)
  3 flayed ghosts
  18 sea snakes
  5 naga ritualists
  43 deep trolls
  4 tengu zombies (WizLab)
  8 ironbound convokers
  7 slime creatures
  3 phantasmal warriors
  6 wizards
  A glowing orange brain (shapeshifter) (Elf:1)
  8 lindwurms
  5 orc knights
  19 harpies
  3 deep elf zephyrmancers (Elf:1)
  5 orc sorcerers
  A deep elf archer (Elf:2)
  2 large abominations
  13 deep elf pyromancers
  3 mana vipers
  11 ugly things
  9 manticores
  13 salamanders
  15 fauns
  A frost giant zombie (WizLab)
  5 cyclopes
  6 elephants
  A centaur zombie (Crypt:3)
  17 naga magi
  A rust devil (Depths:2)
  2 moths of wrath
  17 vault sentinels
  4 merfolk sirens
  2 water nymphs (Shoals:4)
  An orange demon (Lair:5)
  A fire giant skeleton (Crypt:2)
  7 guardian serpents
  24 black mambas
  A rime drake (Lair:5)
  6 cane toads
  An unseen horror (D:13)
  26 yaktaurs
  An efreet (Abyss:2)
  3 komodo dragons
  An ice devil (Orc:2)
  A freezing wraith (Crypt:1)
  A tengu conjurer (Depths:3)
  An ancient zyme (Abyss:2)
  5 red devils
  4 guardian mummies (WizLab)
  20 merfolk
  3 hellwings
  2 hornets
  A tarantella (Vaults:2)
  3 wind drakes
  11 dream sheep
  6 blink frogs
  A hydra skeleton (Crypt:1)
  7 snapping turtles
  A flying skull (Crypt:1)
  2 air elementals
  3 wraiths
  2 wyverns
  A vampire (D:14)
  8 water elementals
  7 yaks
  A basilisk (Lair:3)
  3 fire elementals
  A steam dragon (D:8)
  2 golden eyes (Depths:2)
  2 vampire mosquitoes
  A redback (Crypt:3)
  2 wargs
  36 nagas
  7 hell hounds
  12 orc warriors
  3 water moccasins
  A floating eye (Depths:2)
  An ogre (Orc:1)
  A wolf (Lair:4)
  3 small abominations (Abyss:2)
  A centaur (D:14)
  A human zombie (WizLab)
  A fire crab zombie (WizLab)
  A swamp dragon skeleton (Crypt:2)
  A bullfrog (Lair:3)
  2 earth elementals
  3 electric eels
  A vampire bat (Lair:2)
  A howler monkey (D:8)
  2 lava snakes (D:9)
  A gnoll bouda (D:9)
  6 orc priests
  A hound (D:7)
  A sleepcap (D:7)
  2 orc wizards (Vaults:5)
  6 gnolls
  29 orcs
  4 jackals (D:9)
  A kobold (D:12)
  4 bats (Lair:2)
  A tentacle (Shoals:2)
941 creatures vanquished.

Vanquished Creatures (others)
  A fire giant (Depths:3)
  A yaktaur captain (Vaults:5)
  2 vault guards (Vaults:5)
  An ironbound frostheart (Vaults:3)
  A centaur warrior (Vaults:3)
  2 hell knights (Vaults:5)
  A deep elf knight (Elf:1)
  A wizard (Vaults:4)
  2 deep elf zephyrmancers (Elf:1)
  A harpy (Shoals:2)
  2 yaktaurs (Vaults:3)
  A merfolk (Shoals:4)
  2 dream sheep (Shoals:4)
  A fire elemental (Orc:2)
  2 boggarts (Vaults:1)
  49 knights
  An adder (Sewer)
  2 orcs
  A frilled lizard (Sewer)
  6 ball lightnings
  32 fire vortices
  3 tentacles (Shoals:2)
115 creatures vanquished.

Grand Total: 2666 creatures vanquished

Notes
Turn   | Place    | Note
-------+----------+-------------------------------------------
     0 | D:1      | cforsyth the Djinni Chaos Knight began the quest for the
                  | Orb.
     0 | D:1      | Reached XP level 1. HP: 20/20 MP: 0/0
   160 | D:1      | Reached XP level 2. HP: 17/25 MP: 0/0
   623 | D:2      | Reached skill level 1 in Spellcasting
   623 | D:2      | Reached skill level 1 in Conjurations
   623 | D:2      | Reached skill level 1 in Hexes
   623 | D:2      | Reached skill level 1 in Summonings
   623 | D:2      | Reached skill level 1 in Necromancy
   623 | D:2      | Reached skill level 1 in Translocations
   623 | D:2      | Reached skill level 1 in Transmutations
   623 | D:2      | Reached skill level 1 in Fire Magic
   623 | D:2      | Reached skill level 1 in Ice Magic
   623 | D:2      | Reached skill level 1 in Air Magic
   623 | D:2      | Reached skill level 1 in Earth Magic
   623 | D:2      | Reached skill level 1 in Poison Magic
   649 | D:2      | Reached XP level 3. HP: 30/30 MP: 0/0
   649 | D:2      | Learned a level 1 spell: Necrotise
   846 | D:2      | XOM: silly message
   863 | D:2      | Reached XP level 4. HP: 19/37 MP: 0/0
   944 | D:2      | XOM: silly message
  1483 | D:3      | XOM: noise
  1496 | D:3      | Reached XP level 5. HP: 41/41 MP: 0/0
  1496 | D:3      | Learned a level 2 spell: Lesser Beckoning
  1514 | D:3      | Found a shimmering altar of Xom.
  1590 | D:3      | Found a bloodstained altar of Trog.
  1608 | D:3      | Found a blossoming altar of Fedhas.
  1658 | D:3      | XOM: silly message
  1719 | D:3      | Found a glowing drain.
  1728 | Sewer    | Entered a sewer
  1750 | Sewer    | XOM: silly message
  1827 | Sewer    | XOM: polymorph frilled lizard -> adder
  1970 | Sewer    | XOM: god gift: trident {god gift}
  2027 | Sewer    | XOM: divination: detect items
  2145 | Sewer    | Reached XP level 6. HP: 49/49 MP: 0/0
  2212 | Sewer    | XOM: destruction
  2222 | Sewer    | HP: 2/49 [bullfrog (4)]
  2225 | Sewer    | Reached skill level 5 in Fighting
  2228 | Sewer    | XOM: enchant monster (good)
  2353 | Sewer    | Identified the +3 plate armour of Nuusk {-Tele rElec Regen+
                  | Int-3}
  2361 | Sewer    | XOM: give mutation
  2361 | Sewer    | Gained mutation: Your muscles are strong. (Str +4, Int/Dex
                  | -1) [Xom's grace]
  2762 | D:3      | Found a sparkling altar of Nemelex Xobeh.
  2788 | D:3      | XOM: scenery: create altars
  2899 | D:4      | XOM: divination: detect creatures
  2901 | D:4      | Noticed a black bear
  2913 | D:4      | Killed a black bear
  2914 | D:4      | Reached XP level 7. HP: 40/54 MP: 0/0
  2914 | D:4      | Learned a level 3 spell: Inner Flame
  3079 | D:4      | XOM: noise
  3135 | D:4      | XOM: fog
  3136 | D:4      | XOM: summons friendly quasit
  3219 | D:4      | XOM: cast spell 'Chain of Chaos'
  3515 | D:5      | Entered Level 5 of the Dungeon
  3522 | D:5      | XOM: enchant monster (bad)
  3525 | D:5      | XOM: butterfly on damage
  3528 | D:5      | Reached XP level 8. HP: 39/62 MP: 0/0
  3568 | D:5      | XOM: chaos upgrade
  3699 | D:5      | Found an iron altar of Okawaru.
  3710 | D:5      | XOM: butterfly on damage
  3761 | D:5      | Found an opulent altar of Gozag.
  3847 | D:5      | Found a staircase to the Ecumenical Temple.
  3853 | D:5      | Noticed Blork the orc
  3859 | Temple   | Entered the Ecumenical Temple
  4097 | Temple   | Fell from the grace of Xom
  4097 | Temple   | Became a worshipper of Hepliaklqana the Forgotten
  4129 | D:5      | Killed Blork the orc
  4405 | D:5      | XOM: draining
  4456 | D:5      | Found a hide-covered altar of Uskayaw.
  4641 | D:6      | XOM: 3-stop teleportation journey
  4738 | D:6      | Reached skill level 5 in Spellcasting
  4738 | D:6      | Reached skill level 5 in Conjurations
  4738 | D:6      | Reached skill level 5 in Hexes
  4738 | D:6      | Reached skill level 5 in Summonings
  4738 | D:6      | Reached skill level 5 in Necromancy
  4738 | D:6      | Reached skill level 5 in Translocations
  4738 | D:6      | Reached skill level 5 in Transmutations
  4738 | D:6      | Reached skill level 5 in Fire Magic
  4738 | D:6      | Reached skill level 5 in Ice Magic
  4738 | D:6      | Reached skill level 5 in Air Magic
  4738 | D:6      | Reached skill level 5 in Earth Magic
  4738 | D:6      | Reached skill level 5 in Poison Magic
  4804 | D:6      | Noticed Menkaure
  4809 | D:6      | Killed Menkaure
  4809 | D:6      | XOM: noise
  4810 | D:6      | Reached XP level 9. HP: 61/70 MP: 0/0
  4810 | D:6      | Learned a level 4 spell: Leda's Liquefaction
  4930 | D:6      | XOM: summons 3 hostile demons
  4950 | D:6      | XOM: summons 2 hostile shadow creatures
  5033 | D:6      | XOM: draining
  5059 | D:6      | XOM: noise
  5727 | D:6      | Reached * piety under Hepliaklqana
  6457 | D:7      | XOM: give mutations
  6457 | D:7      | Gained mutation: You expend health (3 HP) to strengthen
                  | your wands. [Xom's grace]
  6457 | D:7      | Gained mutation: You are robust. (+10% HP) [Xom's grace]
  6457 | D:7      | Gained mutation: You are partially covered in iridescent
                  | scales. (AC +2) [Xom's grace]
  6508 | D:7      | Noticed Duvessa
  6509 | D:7      | Noticed Dowan
  6519 | D:7      | Killed Duvessa
  6533 | D:7      | Killed Dowan
  6597 | D:7      | Noticed Jeremiah
  6604 | D:7      | Killed Jeremiah
  6895 | D:7      | Reached XP level 10. HP: 40/79 MP: 0/0
  7315 | D:8      | Reached skill level 10 in Fighting
  7462 | D:8      | XOM: give mutations
  7462 | D:8      | Gained mutation: You are very robust. (+20% HP) [Xom's
                  | grace]
  7462 | D:8      | Gained mutation: Your muscles are very strong. (Str +8,
                  | Int/Dex -2) [Xom's grace]
  7462 | D:8      | Gained mutation: Your movements are slightly less
                  | encumbered by armour. (ER -2) [Xom's grace]
  7462 | D:8      | Gained mutation: You have a pair of small horns on your
                  | head. [Xom's grace]
  7572 | D:8      | XOM: cleaving
  7655 | D:8      | XOM: summons 1 hostile demon
  7858 | D:8      | Reached ** piety under Hepliaklqana
  7859 | D:8      | Remembered your ancestor Shatu-murrim as a knight
  8629 | D:9      | Reached XP level 11. HP: 95/95 MP: 0/0
  8629 | D:9      | Learned a level 4 spell: Flame Wave
  9019 | D:9      | Found a sacrificial altar of Ru.
  9292 | D:9      | XOM: enchant monster (bad)
  9304 | D:9      | XOM: give mutation
  9304 | D:9      | Lost mutation: You are very robust. (+20% HP) [Xom's
                  | mischief]
  9420 | D:9      | Noticed Grum
  9426 | D:9      | Killed Grum
  9626 | D:9      | XOM: stat loss: -1 Dex (9/10)
  9897 | D:9      | Found Ixigask's Antique Weapon Shop.
 10115 | D:10     | Entered Level 10 of the Dungeon
 10210 | D:10     | Reached skill level 1 in Shields
 10532 | D:10     | Found a broken altar of Ashenzari.
 10618 | D:10     | XOM: 4-stop teleportation journey
 10642 | D:10     | Found a white marble altar of Elyvilon.
 10969 | D:10     | Found a staircase to the Lair.
 11031 | D:10     | Found a staircase to the Orcish Mines.
 11281 | D:10     | XOM: give mutations
 11281 | D:10     | Gained mutation: You are clumsy. (Dex -2) [Xom's mischief]
 11281 | D:10     | Lost mutation: You have a pair of small horns on your head.
                  | [Xom's mischief]
 11480 | D:11     | Noticed Lodul
 11486 | D:11     | Killed Lodul
 11630 | D:11     | Noticed a two-headed ogre
 11630 | D:11     | Noticed a skeletal warrior
 11633 | D:11     | Noticed a skeletal warrior
 11634 | D:11     | Killed a two-headed ogre
 11635 | D:11     | Reached XP level 12. HP: 92/96 MP: 0/0
 11635 | D:11     | Noticed a skeletal warrior
 11636 | D:11     | Reached *** piety under Hepliaklqana
 11643 | D:11     | Noticed a skeletal warrior
 11732 | D:10     | XOM: noise
 11783 | D:11     | Reached skill level 5 in Dodging
 12248 | D:11     | Killed a skeletal warrior
 12253 | D:11     | XOM: enchant monster (bad)
 12261 | D:11     | HP: 3/96 [skeletal warrior/+0 hand axe (12)]
 12266 | D:11     | Killed a skeletal warrior
 12266 | D:11     | Killed a skeletal warrior
 12267 | D:11     | Reached skill level 5 in Shields
 12362 | D:11     | Killed a skeletal warrior
 12728 | D:12     | Noticed Gastronok
 12748 | D:12     | XOM: noise
 12750 | D:12     | Killed Gastronok
 13348 | D:10     | Was forgiven by Xom
 13380 | Lair:1   | Entered Level 1 of the Lair of Beasts
 13465 | Lair:1   | Reached XP level 13. HP: 85/103 MP: 0/0
 13465 | Lair:1   | Learned a level 5 spell: Summon Mana Viper
 13666 | Lair:1   | Reached **** piety under Hepliaklqana
 13713 | Lair:1   | Reached skill level 10 in Spellcasting
 13713 | Lair:1   | Reached skill level 10 in Conjurations
 13713 | Lair:1   | Reached skill level 10 in Hexes
 13713 | Lair:1   | Reached skill level 10 in Summonings
 13713 | Lair:1   | Reached skill level 10 in Necromancy
 13713 | Lair:1   | Reached skill level 10 in Translocations
 13713 | Lair:1   | Reached skill level 10 in Transmutations
 13713 | Lair:1   | Reached skill level 10 in Fire Magic
 13713 | Lair:1   | Reached skill level 10 in Ice Magic
 13713 | Lair:1   | Reached skill level 10 in Air Magic
 13713 | Lair:1   | Reached skill level 10 in Earth Magic
 13713 | Lair:1   | Reached skill level 10 in Poison Magic
 14225 | Lair:2   | Found a staircase to the Snake Pit.
 14859 | Lair:2   | Found a staircase to the Shoals.
 16041 | Lair:3   | Noticed Prince Ribbit
 16047 | Lair:3   | Killed Prince Ribbit
 16309 | Lair:3   | Reached XP level 14. HP: 112/112 MP: 0/0
 16329 | Lair:3   | Reached ***** piety under Hepliaklqana
 16782 | Lair:4   | Reached skill level 10 in Dodging
 16857 | Lair:4   | Identified a scroll of acquirement
 16862 | Lair:4   | Acquired a ring of protection from cold
 17559 | Lair:5   | Entered Level 5 of the Lair of Beasts
 17611 | Lair:5   | Noticed Urug
 17618 | Lair:5   | Killed Urug
 17960 | Lair:5   | Noticed Sonja
 17970 | Lair:5   | Killed Sonja
 17971 | Lair:5   | Reached skill level 15 in Fighting
 18405 | Lair:5   | Found a viscous altar of Jiyva.
 18408 | Lair:5   | Found a staircase to the Slime Pits.
 18463 | Lair:5   | Noticed a dire elephant
 18479 | Lair:5   | Killed a dire elephant
 18632 | Lair:5   | Found a burning altar of Makhleb.
 19302 | Lair:5   | Reached XP level 15. HP: 88/120 MP: 0/0
 19302 | Lair:5   | Learned a level 6 spell: Plasma Beam
 19495 | Lair:5   | Found a gateway to Hell.
 19812 | Orc:1    | Entered Level 1 of the Orcish Mines
 20160 | Orc:1    | Found a transporter.
 20160 | Orc:1    | Noticed arvidsem's ghost (adept MiFi)
 20184 | Orc:1    | Noticed Harold
 20189 | Orc:1    | Killed Harold
 20190 | Orc:1    | Reached skill level 10 in Shields
 20217 | Orc:1    | Noticed an orc warlord
 20273 | Orc:1    | Killed an orc warlord
 21040 | Orc:1    | Noticed an orc warlord
 21047 | Orc:1    | Killed an orc warlord
 21315 | Orc:1    | Found a transporter.
 21422 | Orc:2    | Entered Level 2 of the Orcish Mines
 21433 | Orc:2    | Noticed Saint Roka
 21771 | Orc:2    | Noticed Azrael
 22208 | Orc:1    | Killed Saint Roka
 22283 | Orc:2    | Noticed Maurice
 22286 | Orc:2    | Killed Maurice
 22399 | Orc:2    | HP: 4/121 [Azrael/damnation (34)]
 22610 | Orc:1    | Killed Azrael
 22818 | Orc:2    | Found Holisiug's Magic Scroll Boutique.
 22862 | Orc:2    | Found Ogeceuva's Distillery.
 22872 | Orc:2    | Bought a scroll of teleportation for 45 gold pieces
 22872 | Orc:2    | Bought a scroll of teleportation for 45 gold pieces
 22872 | Orc:2    | Bought a scroll of identify for 30 gold pieces
 22872 | Orc:2    | Bought a scroll of identify for 30 gold pieces
 22872 | Orc:2    | Bought a scroll of identify for 30 gold pieces
 22877 | Orc:2    | Bought a potion of mutation for 120 gold pieces
 22892 | Orc:2    | Noticed Donald
 22904 | Orc:2    | Killed Donald
 22909 | Orc:2    | Noticed an orc warlord
 22916 | Orc:2    | Killed an orc warlord
 23033 | Orc:2    | Found a staircase to the Elven Halls.
 23514 | Orc:2    | Reached XP level 16. HP: 98/129 MP: 0/0
 23739 | Orc:2    | Found Raerywuc's Jewellery Emporium.
 23739 | Orc:2    | Found Ojevien's Antique Weapon Shoppe.
 23740 | Orc:2    | Found a one-way gate leading to the halls of Pandemonium.
 24200 | D:13     | Reached ****** piety under Hepliaklqana
 24236 | D:13     | Found Runas's Antique Armour Shop.
 24244 | D:13     | Bought a ripped robe for 131 gold pieces
 24244 | D:13     | Identified the +2 robe "Kuapitt" {Fly rPois rC-} (You
                  | bought it in a shop on level 13 of the Dungeon)
 24740 | D:13     | Found a gate to the Vaults.
 25766 | D:15     | Entered Level 15 of the Dungeon
 25766 | D:15     | Noticed Rupert
 25775 | D:15     | Killed Rupert
 26007 | D:15     | Found a sacrificial altar of Ru.
 26016 | D:15     | Found Jihenkat's Assorted Antiques.
 26024 | D:15     | Bought a glowing cloak for 187 gold pieces
 26024 | D:15     | Bought a scroll of identify for 50 gold pieces
 26024 | D:15     | Bought a scroll of teleportation for 75 gold pieces
 26246 | D:15     | Reached XP level 17. HP: 132/137 MP: 0/0
 26246 | D:15     | Learned a level 6 spell: Simulacrum
 26386 | D:15     | Found a staircase to the Depths.
 26618 | D:15     | Upgraded the game from 0.31-a0-743-g45f7035092 to
                  | 0.31-a0-744-gbc345e7fcb
 26809 | Snake:1  | Entered Level 1 of the Snake Pit
 27344 | Lair:2   | Reached skill level 15 in Dodging
 27896 | Snake:1  | Found an opulent altar of Gozag.
 27897 | Snake:1  | Identified the +10 hand axe "Siros" {antimagic, rElec Str+2
                  | Dex+4}
 28514 | Snake:2  | Found Zeadawiu's Weapon Shop.
 29740 | Snake:3  | Noticed Aizul
 29752 | Snake:3  | Killed Aizul
 29877 | Snake:3  | Found a broken altar of Ashenzari.
 30000 | Snake:3  | Reached XP level 18. HP: 145/146 MP: 0/0
 30931 | Snake:4  | Entered Level 4 of the Snake Pit
 31856 | Snake:4  | Noticed Vashnia
 32104 | Snake:4  | Acquired 922 gold pieces
 32246 | Snake:4  | Reached XP level 19. HP: 70/154 MP: 0/0
 32246 | Snake:4  | Learned a level 6 spell: Conjure Ball Lightning
 32554 | Snake:4  | Got a serpentine rune of Zot
 32705 | Shoals:1 | Entered Level 1 of the Shoals
 33079 | Shoals:1 | Found Poadur's Magic Scroll Shop.
 34462 | Shoals:3 | Found a transporter.
 34468 | Shoals:3 | Found a transporter.
 34472 | Shoals:3 | Noticed Qoegeopn's ghost (journeyman DsCj)
 34494 | Shoals:3 | Found a bloodstained altar of Trog.
 34514 | Shoals:3 | Noticed Ilsuiw
 34520 | Shoals:3 | Killed Ilsuiw
 34536 | Shoals:3 | Noticed Polyphemus
 34542 | Shoals:3 | Noticed Nikola
 34601 | Shoals:3 | Killed Polyphemus
 34759 | Shoals:3 | Killed Nikola
 35647 | Shoals:4 | Entered Level 4 of the Shoals
 35717 | Shoals:4 | Reached XP level 20. HP: 118/164 MP: 0/0
 35761 | Shoals:4 | Reached skill level 15 in Spellcasting
 35761 | Shoals:4 | Reached skill level 15 in Conjurations
 35761 | Shoals:4 | Reached skill level 15 in Hexes
 35761 | Shoals:4 | Reached skill level 15 in Summonings
 35761 | Shoals:4 | Reached skill level 15 in Necromancy
 35761 | Shoals:4 | Reached skill level 15 in Translocations
 35761 | Shoals:4 | Reached skill level 15 in Transmutations
 35761 | Shoals:4 | Reached skill level 15 in Fire Magic
 35761 | Shoals:4 | Reached skill level 15 in Ice Magic
 35761 | Shoals:4 | Reached skill level 15 in Air Magic
 35761 | Shoals:4 | Reached skill level 15 in Earth Magic
 35761 | Shoals:4 | Reached skill level 15 in Poison Magic
 36115 | Shoals:4 | Identified the +3 spear of Conservatism {freeze, rN+}
 36130 | Shoals:4 | Got a barnacled rune of Zot
 36153 | Shoals:4 | Identified the ring of Muffyll {Fire Dex+3}
 36188 | Shoals:4 | Noticed Mlioglotl
 36199 | Shoals:4 | Killed Mlioglotl
 37069 | Vaults:1 | Entered Level 1 of the Vaults
 37117 | Vaults:1 | Found a magical portal.
 37212 | WizLab   | Entered Doroklohe's Tomb
 37974 | WizLab   | Noticed a royal mummy
 38005 | WizLab   | Killed a royal mummy
 38905 | WizLab   | Identified the +2 pair of boots of a sewer {Rampage rPois
                  | rC- Dex+3}
 39557 | Vaults:1 | Reached XP level 21. HP: 141/172 MP: 0/0
 39557 | Vaults:1 | Learned a level 8 spell: Discord
 40669 | Vaults:2 | Noticed Asterion
 40692 | Vaults:2 | Killed Asterion
 41152 | Vaults:2 | Found Suapnef's Antique Weapon Shoppe.
 41292 | Vaults:2 | Found Pikhlur's Jewellery Emporium.
 41991 | Vaults:2 | Found a staircase to the Crypt.
 42341 | Vaults:3 | Reached XP level 22. HP: 117/180 MP: 0/0
 43331 | Vaults:3 | Reached skill level 5 in Armour
 43538 | Vaults:3 | Found Tush's Weapon Shoppe.
 44229 | Vaults:4 | Noticed Boris
 44243 | Vaults:4 | Killed Boris
 44337 | Vaults:4 | Reached XP level 23. HP: 151/188 MP: 0/0
 44337 | Vaults:4 | Learned a level 8 spell: Summon Horrible Things
 45147 | Elf:1    | Entered Level 1 of the Elven Halls
 45287 | Elf:1    | Paralysed by an air elemental for 1 turns
 46153 | Elf:2    | Identified the +0 robe of the Orb {Harm rC+ Dex-5 Archmagi}
 46348 | Elf:2    | Found Roiphizu's Tiny Tomes.
 46395 | Elf:2    | Found Ysept's Armour Shoppe.
 46471 | Abyss:2  | Cast into level 2 of the Abyss (+0 eveningstar of
                  | distortion)
 46531 | Abyss:2  | Noticed a profane servitor
 46541 | Abyss:2  | Killed a profane servitor
 46880 | Elf:2    | Escaped the Abyss
 47124 | Elf:2    | Found a runed translucent gate.
 47126 | Elf:2    | Found a runed translucent gate.
 47130 | Elf:2    | Found a runed translucent gate.
 47711 | Elf:3    | Entered Level 3 of the Elven Halls
 47836 | Elf:3    | Reached XP level 24. HP: 152/198 MP: 0/0
 47962 | Elf:3    | Paralysed by an air elemental for 1 turns
 48215 | Elf:3    | Identified the ring of Finality {rElec rPois SInv}
 48298 | Elf:3    | Found the +2 shield of Resistance {rF++ rC++ Will++}
 48370 | Elf:3    | Found Miufuf's Magic Scroll Boutique.
 48378 | Elf:3    | Bought a scroll of enchant armour for 82 gold pieces
 48799 | Elf:3    | Identified the scarf "Zeh Tiu" {rC+ rF+, Harm}
 49023 | Elf:3    | Identified the scarf of Macaroni {repulsion, Fly rC+++
                  | Regen+ Dex-5}
 49630 | D:15     | Bought a dull robe for 142 gold pieces
 49630 | D:15     | Identified the +1 robe of Hirphiu {Dex+6} (You bought it in
                  | a shop on level 15 of the Dungeon)
 49794 | Crypt:1  | Entered Level 1 of the Crypt
 51252 | Crypt:2  | Found a glowing golden altar of the Shining One.
 51377 | Crypt:2  | Identified the +3 leather armour "Pueg" {rPois Str+2 Dex-2}
 51676 | Crypt:2  | Found a burning altar of Makhleb.
 52027 | Crypt:3  | Entered Level 3 of the Crypt
 52260 | Crypt:3  | Reached XP level 25. HP: 173/204 MP: 0/0
 52260 | Crypt:3  | Learned a level 9 spell: Fire Storm
 52448 | Crypt:3  | Found a staircase to the Tomb.
 52922 | Crypt:3  | Identified the ring "Latzenut" {rN+ Str+2 Int+4}
 52922 | Crypt:3  | Identified the ring "Nietzaf" {rN+ Dex+4}
 53724 | Crypt:3  | Noticed an ancient lich
 53725 | Crypt:3  | Noticed an ancient lich
 53743 | Crypt:3  | Killed an ancient lich
 53927 | Crypt:3  | Killed an ancient lich
 54020 | Crypt:3  | Identified the +0 helmet of Apsoaggo {rPois}
 54979 | Depths:1 | Entered Level 1 of the Depths
 55163 | Depths:1 | Found Estooviasa's Jewellery Shoppe.
 56478 | Orc:1    | Killed arvidsem's ghost
 56779 | Snake:4  | Killed Vashnia
 57595 | Shoals:3 | Killed Qoegeopn's ghost
 59326 | Depths:2 | Reached XP level 26. HP: 171/213 MP: 0/0
 59486 | Depths:2 | Found a corrupted altar of Lugonu.
 59487 | Depths:2 | Found a one-way gate to the infinite horrors of the Abyss.
 59791 | Depths:2 | Acquired 579 gold pieces
 59861 | Depths:2 | Identified the ring of Cappoigu {rN+ Str+6}
 60266 | Depths:2 | Paralysed by a floating eye for 4 turns
 60606 | Depths:3 | Found a one-way gateway to a ziggurat.
 61401 | Depths:3 | Identified the +7 short sword of the Exiled Dreams {flame,
                  | Int+3}
 61563 | Depths:3 | Reached XP level 27. HP: 182/220 MP: 0/0
 61563 | Depths:3 | Learned a level 9 spell: Chain Lightning
 61820 | Depths:4 | Entered Level 4 of the Depths
 61826 | Depths:4 | Noticed a juggernaut
 61835 | Depths:4 | Killed a juggernaut
 61992 | Depths:4 | Found a gate to the Realm of Zot.
 62053 | Depths:4 | Found Deshrur's Book Boutique.
 62053 | Depths:4 | Found Mankueny's Book Boutique.
 62054 | Depths:4 | Found Futuvvoi's Jewellery Shoppe.
 62890 | Vaults:5 | Entered Level 5 of the Vaults
 62892 | Vaults:5 | Noticed Margery
 63291 | Vaults:4 | Killed Margery
 63815 | Vaults:5 | Noticed a dread lich
 63897 | Vaults:4 | Killed a dread lich
 65919 | Vaults:5 | Identified the +10 trident of Doega {venom, *Corrode Fly
                  | Int+8 Dex-2}
 66083 | Vaults:5 | Noticed a dread lich
 66102 | Vaults:5 | Killed a dread lich
 66105 | Vaults:5 | Got a silver rune of Zot
 66222 | Vaults:5 | Identified the +3 dagger "Deragrowk" {flame, Drain Dex+4}
 66229 | Vaults:5 | Identified the +4 war axe "Aqiatsuto" {freeze, *Corrode
                  | rPois MP+9 Str+6}
 66267 | Vaults:5 | Noticed Mara
 66273 | Vaults:5 | Noticed cforsyth's illusion
 66306 | Vaults:4 | Noticed cforsyth's illusion
 66901 | Vaults:4 | Killed Mara
 67818 | Vaults:5 | Found the brooch of Shielding {Spirit SH+8}
 67829 | Vaults:5 | Identified the +6 war axe of Mumeomat {holy, rN++ Str+2}
 68091 | Vaults:5 | Found the dreamshard necklace {Acrobat *Dream}
 68879 | Zot:1    | Entered Level 1 of the Realm of Zot
 68929 | Zot:1    | Noticed an orb of fire
 68947 | Zot:1    | Killed an orb of fire
 69229 | Zot:1    | Noticed an orb of fire
 69245 | Zot:1    | Killed an orb of fire
 71361 | Zot:3    | Noticed a Killer Klown
 71365 | Zot:3    | Killed a Killer Klown
 71455 | Zot:3    | You are sucked into a shaft and drop 1 floor!
 73198 | Zot:5    | Entered Level 5 of the Realm of Zot
 73509 | Zot:5    | Noticed an ancient lich
 73544 | Zot:5    | Noticed an orb of fire
 73550 | Zot:5    | Noticed an ancient lich
 73570 | Zot:5    | Killed an orb of fire
 73583 | Zot:5    | Killed an ancient lich
 73617 | Zot:5    | Noticed an ancient lich
 73641 | Zot:5    | Killed an ancient lich
 74180 | Zot:5    | Noticed a Killer Klown
 74182 | Zot:5    | Noticed an orb of fire
 74189 | Zot:5    | Killed a Killer Klown
 74199 | Zot:5    | Killed an orb of fire
 74268 | Zot:5    | Noticed an orb of fire
 74313 | Zot:5    | Killed an orb of fire
 74719 | Zot:5    | Noticed an orb of fire
 74739 | Zot:5    | Killed an orb of fire
 74739 | Zot:5    | Noticed a Killer Klown
 74746 | Zot:5    | Killed a Killer Klown
 74826 | Zot:5    | Noticed a Killer Klown
 74828 | Zot:5    | Noticed a dread lich
 74832 | Zot:5    | Killed a Killer Klown
 74839 | Zot:5    | Killed a dread lich
 74996 | Zot:5    | Reached skill level 27 in Spellcasting
 74996 | Zot:5    | Reached skill level 27 in Conjurations
 74996 | Zot:5    | Reached skill level 27 in Hexes
 74996 | Zot:5    | Reached skill level 27 in Summonings
 74996 | Zot:5    | Reached skill level 27 in Necromancy
 74996 | Zot:5    | Reached skill level 27 in Translocations
 74996 | Zot:5    | Reached skill level 27 in Transmutations
 74996 | Zot:5    | Reached skill level 27 in Fire Magic
 74996 | Zot:5    | Reached skill level 27 in Ice Magic
 74996 | Zot:5    | Reached skill level 27 in Air Magic
 74996 | Zot:5    | Reached skill level 27 in Earth Magic
 74996 | Zot:5    | Reached skill level 27 in Poison Magic
 75324 | Zot:5    | Noticed a Killer Klown
 75351 | Zot:5    | Noticed a Killer Klown
 75357 | Zot:5    | Killed a Killer Klown
 75357 | Zot:5    | Noticed a Killer Klown
 75369 | Zot:5    | Noticed an orb of fire
 75370 | Zot:5    | Killed a Killer Klown
 75508 | Zot:5    | Noticed a Killer Klown
 75514 | Zot:5    | Killed a Killer Klown
 75645 | Zot:5    | Killed an ancient lich
 75939 | Zot:5    | Killed an orb of fire
 75946 | Zot:5    | Killed a Killer Klown
 76151 | Zot:5    | Noticed a Killer Klown
 76162 | Zot:5    | Killed a Killer Klown
 76509 | Zot:5    | Got the Orb of Zot
 76895 | D:9      | Noticed Puleqiorgh the pandemonium lord
 76924 | D:8      | Noticed Wytwa the pandemonium lord
 77103 | D:$      | Escaped with the Orb!

Illustrated notes

Levels and vault maps discovered:
D:1:      spicycebolla_arrival_ecumenical, layout_rooms, serial_curves,
          eino_curves_04, eino_curves_04
D:2:      minmay_recursive_quarters, layout_basic, nicolae_titane
D:3:      minmay_skewed_foursquare, layout_loops_ring,
          trog_three_pillars_becter, fedhas_ov_isle_minmay, xom_confusion_cloud,
          gammafunk_temple_overflow_wave, mainiacjoe_overflow_catwalk,
          portal_sewer_entry_e, minmay_quantized
D:4:      layout_basic, nicolae_nh_ransacked_shop
D:5:      layout_loops_ring, grunt_gozag_statues, lemuel_crystal_altar,
          amcnicky_altar_gilded, minmay_temple_entry_stoned_glass,
          uniq_blork_the_orc
D:6:      kennysheep_six_static_rooms, layout_layer_cave, uniq_menkaure
D:7:      layout_rooms, chequers_decorated_corner, uniq_jeremiah, uniq_duvessa
D:8:      layout_rooms
D:9:      layout_big_octagon, nicolae_overflow_crystal_walls,
          kiku_gazebo_garden_becter, serial_gnoll_camp, gnoll_camp_huts_moat,
          gnoll_camp_mini_shop, grums_kennel, gnoll_camp_medium_02,
          kennysheep_generic_room_3
D:10:     layout_loops_corners, cheibrodos_ashenzari_chains, elyvilon_altar_5,
          lair_entry_dummy, hiddenorc1_lemuel, hangedman_corner_corridor
D:11:     layout_irregular_city, uniq_lodul
D:12:     layout_roguey, uniq_gastronok
D:13:     argonaut_augean_stables, layout_gridville, erik_vaults_2,
          serial_shops, nicolae_shop_tiny_statue_garden
D:14:     layout_basic, serial_glass, glass_columns_a, glass_columns_b,
          chequers_garden
D:15:     grunt_enter_depths_giant_problem, layout_long_grid,
          nicolae_twisty_statue_hallways, serial_shops, shop,
          nicolae_ru_the_path_less_chosen, uniq_rupert
Temple:   kb_temple_of_zot
Lair:1:   layout_chaotic_city, serial_bayou_lagoon_b
Lair:2:   layout_chaotic_city, elwin_shoals_entry_rooms, dummy_snake_entry,
          roderic_batcave
Lair:3:   layout_gridlike, uniq_prince_ribbit2
Lair:4:   layout_gridlike, serial_bayou_lagoon_a
Lair:5:   evil_forest, layout_hall_layers, dpeg_slime_entry_corner,
          hangedman_lair_unloving_vines, serial_bayou_shore_b, uniq_sonja,
          uniq_urug
Shoals:1: layout_shoals, serial_shops, shop
Shoals:2: layout_shoals, nzn_prometheus_bound
Shoals:3: layout_shoals, gammafunk_ghost_wrathful_warriors, uniq_ilsuiw,
          uniq_polyphemus, uniq_nikola
Shoals:4: shoals_end_grunt_garden, layout_shoals, shoal_ilsuiw, uniq_mlioglotl
Snake:1:  layout_grid_shapes, basic_altar, grunt_megastairs_4
Snake:2:  layout_chambers, serial_shops, nicolae_shop_bloodbath_and_beyond
Snake:3:  layout_basic, basic_altar, abandoned_shop, st_stairs_3, uniq_aizul
Snake:4:  johnstein_snake_rune_scales, layout_gridlike, grunt_ministairs_10,
          nicolae_snake_omega, grunt_megastairs_5
Orc:1:    layout_caves, gammafunk_ghost_arena, basic_altar, minmay_orc_treasury,
          uniq_harold
Orc:2:    pf_orc_diabolical, layout_diamond_mine, uniq_donald, uniq_azrael,
          uniq_maurice, uniq_saint_roka
Elf:1:    nicolae_elf_arrival_no_cutting_in_line, layout_geoelf_octagon,
          hangedman_elf_represent, drop_trap
Elf:2:    elven_hall_of_blades_hangedman_original
          [nicolae_vaults_blade_armed_guards], layout_geoelf_octagon,
          serial_glass, glass_columns_a, glass_columns_a, serial_shops, shop,
          nicolae_shop_i_like_small_books_too
Elf:3:    grunt_elf_hall_branching, layout_gridlike, serial_shops, shop,
          fake_guardian_serpent_vault, grunt_megastairs_2
Vaults:1: infiniplex_enter_wizlab_water, ontoclasm_vaults_spin,
          nicolae_vaults_tetromino_T_1, vaults_room_pool, grunt_vaults_focal,
          nicolae_vaults_angled_halls, hangedman_vaults_snaps, v_pattern_4,
          nicolae_vaults_tetromino_Z_2, hangedman_vaults_trim,
          hangedman_vaults_locks, layout_vaults_big_room
Vaults:2: v_misc_9, minmay_crypt_entry_simple_walls,
          nicolae_vaults_doubleplus_tesselated,
          vaults_mumra_minichess_inversion, v_misc_1, vaults_room_corners,
          hangedman_vaults_trim, nicolae_vaults_minivaults, vaults_dpeg_spiral,
          vaults_room_hallway, nicolae_vaults_tetromino_Z_1,
          ontoclasm_vaults_decontamination, vaults_dpeg_encased_lava,
          nicolae_vaults_circle_grid_a, vaults_dpeg_emergency_exit,
          layout_vaults_ring, serial_shops, shop_statue, nicolae_shop_peninsula,
          uniq_asterion
Vaults:3: nicolae_vaults_border_crossing, hangedman_vaults_river_flow,
          vaults_mumra_minichess, nicolae_vaults_taking_the_gang_shopping,
          vaults_room_guarded_vault, ontoclasm_vaults_chip,
          dpeg_vaults_monster_box, layout_vaults_omnigrid
Vaults:4: nicolae_vaults_mini_display_case, v_misc_30, vaults_room_fours,
          nicolae_vaults_storage_room_statues, nicolae_vaults_storage_closets_1,
          nicolae_vaults_sesquioval_fish, nicolae_vaults_security_offices_4,
          nicolae_vaults_closet_pinwheel_5, nicolae_vaults_trapezoid_lopsided_4,
          ontoclasm_vaults_tryst, ontoclasm_vaults_loading_screen,
          layout_vaults_maze_snakey, uniq_boris
Vaults:5: uniq_margery, uniq_mara
Crypt:1:  layout_chaotic_city, corexii_leaking_fountain
Crypt:2:  layout_catacombs, nzn_life_drinkers
Crypt:3:  evilmike_haunted_forest
Depths:1: layout_basic, hell_entry, serial_shops, shop, serial_bayou_ford_a,
          minmay_gold_behind_fungi, minmay_misc_feat_rows,
          kennysheep_generic_room_8
Depths:2: nicolae_aperiodic_l_corner, layout_cave_pools,
          grunt_pan_entry_in_and_out, lemuel_statue_altar, hell_entry,
          abyss_entry_flame_altar, hangedman_eye_storm
Depths:3: minmay_dotted_concentric_squares, layout_gridlike, enter_ziggurat_a,
          serial_glass, glass_columns_b, glass_columns_b,
          minmay_room_of_horrors, pf_hell_entry_tar_spiral, special_room
          [special_room_jelly]
Depths:4: grunt_crosshair, layout_twisted_cross, hell_entry, hex_tiny,
          abyss_entry_small_statue_room, minmay_shop_grove
Zot:1:    layout_gridlike, skrybe_zot_glass_1
Zot:2:    layout_gridville
Zot:3:    layout_concentric_octagons, hangedman_zot_gyre
Zot:4:    layout_gridville, hangedman_zot_diagonal_lockstep
Zot:5:    layout_gridville

Skill      XL: |  1  2  3  4  5  6  7  8  9 10 11 12 13 14 15 16 17 18 19 20 21 22 23 24 25 26 27 |
---------------+----------------------------------------------------------------------------------+-----
Spellcasting   | 1 2 3 4 5 6 8 9 10 11 12 13 14 15 16 17 18 20 22 27 | 27.0
Conjurations   | 1 2 3 4 5 6 8 9 10 11 12 13 14 15 16 17 18 20 22 27 | 27.0
Hexes          | 1 2 3 4 5 6 8 9 10 11 12 13 14 15 16 17 18 20 22 27 | 27.0
Summonings     | 1 2 3 4 5 6 8 9 10 11 12 13 14 15 16 17 18 20 22 27 | 27.0
Necromancy     | 1 2 3 4 5 6 8 9 10 11 12 13 14 15 16 17 18 20 22 27 | 27.0
Translocations | 1 2 3 4 5 6 8 9 10 11 12 13 14 15 16 17 18 20 22 27 | 27.0
Transmutations | 1 2 3 4 5 6 8 9 10 11 12 13 14 15 16 17 18 20 22 27 | 27.0
Fire Magic     | 1 2 3 4 5 6 8 9 10 11 12 13 14 15 16 17 18 20 22 27 | 27.0
Ice Magic      | 1 2 3 4 5 6 8 9 10 11 12 13 14 15 16 17 18 20 22 27 | 27.0
Air Magic      | 1 2 3 4 5 6 8 9 10 11 12 13 14 15 16 17 18 20 22 27 | 27.0
Earth Magic    | 1 2 3 4 5 6 8 9 10 11 12 13 14 15 16 17 18 20 22 27 | 27.0
Poison Magic   | 1 2 3 4 5 6 8 9 10 11 12 13 14 15 16 17 18 20 22 27 | 27.0
Fighting       | 4 5 6 8 9 11 12 13 14 15 16 17 18 19 20 21 22 23 24 | 24.9
Shields        | 3 6 8 9 10 11 | 11.4
Dodging        | 4 7 9 11 13 14 16 17 18 20 21 22 23 24 | 24.4
Armour         | 2 5 |  5.0
Long Blades    | |  2.6

Action                     |  1- 3 |  4- 6 |  7- 9 | 10-12 | 13-15 | 16-18 | 19-21 | 22-24 | 25-27 || total
---------------------------+-------+-------+-------+-------+-------+-------+-------+-------+-------++-------
  Melee: Falchion          |    88 |   284 |       |       |       |       |       |       |       ||   372
         Punch             |     2 |     2 |     4 |     1 |     1 |       |       |       |       ||    10
         Mace              |       |     8 |   266 |    40 |       |       |       |       |       ||   314
         Headbutt          |       |       |       |     5 |       |       |       |       |       ||     5
         Staff             |       |       |       |    19 |    38 |       |       |       |       ||    57
         Whip              |       |       |       |       |    29 |    11 |       |       |       ||    40
         Hand axe          |       |       |       |       |       |    27 |   133 |   168 |   127 ||   455
   Cast: Inner Flame       |       |       |    33 |   140 |   251 |    62 |       |   154 |   462 ||  1102
         Leda's Liquefacti |       |       |     1 |       |     1 |       |       |       |       ||     2
         Flame Wave        |       |       |       |     4 |     4 |       |       |       |       ||     8
         Summon Mana Viper |       |       |       |       |   116 |    36 |    89 |    75 |    95 ||   411
         Plasma Beam       |       |       |       |       |   118 |   266 |   181 |   432 |   864 ||  1861
         Simulacrum        |       |       |       |       |       |   178 |   292 |   166 |       ||   636
         Conjure Ball Ligh |       |       |       |       |       |       |     2 |       |       ||     2
         Summon Horrible T |       |       |       |       |       |       |       |       |    45 ||    45
         Fire Storm        |       |       |       |       |       |       |       |       |    30 ||    30
         Chain Lightning   |       |       |       |       |       |       |       |       |     3 ||     3
         Discord           |       |       |       |       |       |       |       |       |     2 ||     2
 Invoke: Ancestor Life: Kn |       |       |       |     1 |       |       |       |       |       ||     1
         Recall Ancestor   |       |       |       |     3 |     5 |     6 |     6 |     4 |    18 ||    42
  Evoke: Wand              |       |       |       |    10 |       |       |       |     1 |     1 ||    12
    Use: Scroll            |       |     3 |     4 |    11 |    14 |    10 |     6 |     4 |    22 ||    74
         Potion            |       |     1 |       |     3 |       |     1 |     3 |       |     4 ||    12
   Stab: Sleeping          |     1 |       |       |       |       |       |       |       |       ||     1
         Paralysed         |       |     9 |       |       |       |       |       |       |       ||     9
         Distracted        |       |       |       |       |       |       |     3 |     2 |     2 ||     7
 Armour: Leather armour    |    98 |   207 |   120 |   105 |       |       |       |       |       ||   530
         Plate armour      |       |    65 |   243 |       |       |       |       |       |       ||   308
         Troll leather arm |       |       |       |    85 |   166 |   201 |   270 |   334 |   599 ||  1655
  Dodge: Dodged            |    82 |   217 |   141 |    98 |   179 |   163 |   286 |   312 |   484 ||  1962
  Block: Kite shield       |       |       |       |       |    50 |   146 |   258 |   246 |   353 ||  1053

Table legend: (Time is in decaauts)
 A = Elapsed time spent in this place.
 B = Non-inter-level travel time spent in this place.
 C = Inter-level travel time spent in this place.
 D = Time resting spent in this place.
 E = Time spent auto-exploring this place.
 F = Levels seen in this place.
 G = Mean time per level.
                   A        B        C        D        E       F      G
               +--------+--------+--------+--------+--------+-----+--------+
         Total |  77652 |  71179 |   6473 |  15286 |  39956 |  54 | 1438.0 |
       Dungeon |  17355 |  14815 |   2540 |   1499 |  10285 |  15 | 1157.0 |
        Temple |    266 |    211 |     55 |    200 |      0 |   1 |  266.0 |
          Lair |   7543 |   6906 |    637 |   2207 |   3387 |   5 | 1508.6 |
        Shoals |   4186 |   3859 |    327 |    199 |   2634 |   4 | 1046.5 |
     Snake Pit |   6187 |   5588 |    599 |    231 |   3928 |   4 | 1546.8 |
  Orcish Mines |   4056 |   3689 |    367 |   1061 |   1706 |   2 | 2028.0 |
   Elven Halls |   3717 |   3504 |    213 |    335 |   2180 |   3 | 1239.0 |
        Vaults |  12978 |  12038 |    940 |   4267 |   5038 |   5 | 2595.6 |
         Crypt |   4473 |   4359 |    114 |    505 |   2909 |   3 | 1491.0 |
        Depths |   6177 |   5688 |    489 |   1444 |   3096 |   4 | 1544.2 |
           Zot |   7766 |   7579 |    187 |   2091 |   4169 |   5 | 1553.2 |
         Abyss |    412 |    412 |      0 |     46 |    224 |   1 |  412.0 |
         Sewer |    723 |    723 |      0 |      0 |    350 |   1 |  723.0 |
        Wizlab |   1803 |   1803 |      0 |   1200 |     50 |   1 | 1803.0 |
               +--------+--------+--------+--------+--------+-----+--------+

Top non-repeatable levels by time:
Vaults:4: 4941 daAuts
   Zot:5: 2996 daAuts
  Lair:2: 2747 daAuts
Depths:1: 2670 daAuts
   Orc:1: 2578 daAuts
 Crypt:3: 2529 daAuts
 Snake:4: 2478 daAuts
Vaults:2: 2301 daAuts
    D:10: 2206 daAuts
  Lair:5: 2151 daAuts
Vaults:1: 2095 daAuts
     D:9: 1942 daAuts
Vaults:3: 1869 daAuts
  WizLab: 1803 daAuts
Vaults:5: 1770 daAuts
